 Dungeon Crawl Stone Soup version 0.24.0-13-gcf9b319 (webtiles) character file.

Game seed: 189649469994397465, levelgen mode: deterministic

107 Bronimir the Gusty (level 4, -13/24 HPs)
             Began as a Tengu Air Elementalist on Apr 1, 2020.
             Was an Initiate of Kikubaaqudgha.
             Killed from afar by a gnoll (23 damage)
             ... with an exploding inner flame
             ... hexed by the player character
             ... on level 3 of the Dungeon.
             The game lasted 00:06:12 (2655 turns).

Bronimir the Gusty (Tengu Air Elementalist)         Turns: 2655, Time: 00:06:12

Health: -13/24     AC:  2    Str:  8    XL:     4   Next: 85%
Magic:  4/9        EV: 13    Int: 16    God:    Kikubaaqudgha [......]
Gold:   142        SH:  0    Dex: 15    Spells: 2/8 levels left

rFire    . . .     SeeInvis .   b - +1 hunting sling
rCold    . . .     Gourm    .   (no shield)
rNeg     . . .     Faith    .   l - +0 robe {MR+}
rPois    .         Spirit   .   (helmet restricted)
rElec    .         Reflect  .   (no cloak)
rCorr    .         Harm     .   (no gloves)
MR       +....                  (boots unavailable)
Stlth    ++........             h - amulet of regeneration
HPRegen  0.48/turn              (no ring)
MPRegen  0.11/turn              (no ring)

@: no status effects
A: beak, talons 3
a: Renounce Religion


You were on level 3 of the Dungeon.
You worshipped Kikubaaqudgha.
Kikubaaqudgha was noncommittal.
You were not hungry.

You visited 1 branch of the dungeon, and saw 3 of its levels.

You collected 142 gold pieces.

Inventory:

Hand Weapons
 a - a +0 mace
 b - a +1 hunting sling (weapon)
 e - a +0 dagger
Missiles
 d - 24 bolts
 n - 53 stones (quivered)
 p - 9 arrows
 r - 8 poisoned darts
Armour
 l - a +0 robe of magic resistance (worn)
 s - a +0 robe
Jewellery
 h - an amulet of regeneration (around neck)
Potions
 f - a potion of lignification {unknown}
 i - a potion of invisibility {unknown}
 j - a potion of might {unknown}
 k - a potion of degeneration {unknown}
 m - 2 potions of curing
 o - a potion of mutation {unknown}
 q - a potion of haste {unknown}
Comestibles
 c - 8 rations
 t - 2 chunks of flesh


   Skills:
 + Level 0.1 Fighting
   Level 0.2 Axes
 + Level 0.5 Slings
 + Level 2.6 Dodging
 - Level 2.0 Stealth
 * Level 2.8 Spellcasting
 * Level 2.8 Conjurations
 * Level 5.3 Air Magic


You had 2 spell levels left.
You knew the following spells:

 Your Spells              Type           Power        Failure   Level  Hunger
a - Shock                 Conj/Air       ###.         3%          1    #......
b - Swiftness             Chrm/Air       ##......     10%         2    ##.....
c - Static Discharge      Conj/Air       ###.....     11%         3    ###....

Your spell library contained the following spells:

 Spells                   Type           Power        Failure   Level  Hunger
 Airstrike                Air            ###.......   22%         4    #####..
 Lightning Bolt           Conj/Air       ###.......   69%         5    ######.


Dungeon Overview and Level Annotations

Branches:
Dungeon (3/15)

Altars:
Gozag
Kikubaaqudgha


Innate Abilities, Weirdness & Mutations

You have a beak for a mouth.
You have claws for feet.


Message History

The gnoll barely misses you.
There is an open door here.
You no longer feel sluggish.
Casting: Swiftness (safe; 10% risk of failure)
Confirm with . or Enter, or press ? or * to list all spells.
Aiming: Shock (safe; 3% risk of failure)
Press: ? - help, Shift-Dir - straight line, f/p - gnoll
Aim: a gnoll, wielding a +0 club (almost dead, inner flame)
The zap hits the gnoll.
The gnoll is moderately wounded.
The zap misses the gnoll.
The zap hits the gnoll.
The gnoll explodes!
The fiery explosion engulfs the gnoll!!
The gnoll explodes!
The fiery explosion engulfs the gnoll!
The gnoll explodes!
The fiery explosion engulfs you!!
Ouch! That really hurt!
You die...
Kikubaaqudgha rasps: "You have failed me!
Welcome... death!"

#.## #...###...###.# #.#.# .. #.#
#.....### #.###.#.# #.
#.#########.#.#####.g.....# #.
.......# #.#.......###'### #.#
.#####.# #.##########...## #.# .#
#.# #.### ##.....## #.. .# #.#
#.#.## ##.......## ### .#
#.####....####§÷.......####.
.#####..........@§§§§.......'..).
.......###.#...####§........####.
.....### #.##.## ##.............
###.### #.#### ##....########
#.....# #.#### ##...#....##.
#.#.#.# #....# ##+.#._.....
#..#..# ####.# #..#.≈.....
#.###.# #.# #..#..≈≈≈≈≈ #..#..#
#.# ##..##...≈≈≈


There were no monsters in sight!

Vanquished Creatures
  6 adders
  An ooze (D:2)
  2 dart slugs (D:3)
  2 leopard geckos (D:3)
  A ball python (D:2)
  3 giant cockroaches (D:2)
  6 goblins
  A hobgoblin (D:2)
  4 jackals (D:2)
  6 kobolds
  5 bats
  3 frilled lizards
  3 rats
43 creatures vanquished.

Notes
Turn   | Place    | Note
-------+----------+-------------------------------------------
     0 | D:1      | Bronimir the Tengu Air Elementalist began the quest for the
                  | Orb.
     0 | D:1      | Reached XP level 1. HP: 10/10 MP: 4/4
   482 | D:1      | Reached XP level 2. HP: 15/15 MP: 4/6
   700 | D:1      | Learned a level 2 spell: Swiftness
  1167 | D:2      | Reached XP level 3. HP: 19/19 MP: 0/7
  1570 | D:2      | Reached skill level 5 in Air Magic
  1757 | D:2      | Reached XP level 4. HP: 17/24 MP: 0/8
  1863 | D:2      | Found an opulent altar of Gozag.
  2001 | D:2      | Learned a level 3 spell: Static Discharge
  2520 | D:3      | Found an ancient bone altar of Kikubaaqudgha.
  2551 | D:3      | Became a worshipper of Kikubaaqudgha
  2655 | D:3      | Killed from afar by a gnoll

Levels and vault maps discovered:
D:1:      onia_arrival_pyramid, layout_loops_corners, feat_on_display
D:2:      layout_loops_ring, lemuel_crystal_altar, hangedman_feature_mirror,
          serial_bayou_lagoon_a, wad_floor_pattern_untrapped
D:3:      layout_loops_corners, kiku_gazebo_pond_becter, kennysheep_nub

Skill      XL: |  1  2  3 |
---------------+----------+-----
Conjurations   | 2 |  2.8
Air Magic      | 5 |  5.3
Fighting       | |  0.1
Axes           | |  0.2
Slings         | |  0.5
Dodging        | |  2.6
Stealth        | |  2.0
Spellcasting   | |  2.8

Action                   |  1- 3 |  4- 6 || total
-------------------------+-------+-------++-------
Melee: Hand axe          |    31 |     8 ||    39
       Dagger            |     3 |       ||     3
       Kick              |     8 |     1 ||     9
       Peck              |     6 |     1 ||     7
 Fire: Hunting sling     |       |    21 ||    21
 Cast: Shock             |    48 |    28 ||    76
       Swiftness         |       |     1 ||     1
       Static Discharge  |       |     1 ||     1
  Use: Scroll            |     3 |     4 ||     7
 Stab: Sleeping          |     1 |       ||     1
  Eat: Chunk             |     3 |     3 ||     6
Armor: Robe              |    17 |     2 ||    19
Dodge: Dodged            |    39 |    32 ||    71
